 Dungeon Crawl Stone Soup version 0.30.0-29-ga12c61a403 (webtiles) character file.

Game seed: 1476467608603092726

2597908 BONEBRO the Conqueror (level 27, 257/273 HPs)
             Began as a Hill Orc Monk on June 16, 2023.
             Was a Priest of Beogh.
             Escaped with the Orb
             ... and 4 runes on June 20, 2023!
             The game lasted 07:59:33 (59813 turns).

BONEBRO the Conqueror (Hill Orc Monk)              Turns: 59813, Time: 07:59:33

Health: 257/273    AC: 46    Str: 31    XL:     27
Magic:  19/27      EV: 12    Int: 14    God:    Beogh [***...]
Gold:   5914       SH: 14    Dex: 11    Spells: 26/26 levels left

rFire   + + +        a - +9 broad axe (vamp)
rCold   + + +        g - +3 buckler of Sif Muna, Thieving {rF+ rC+ Dex+4 Slay+2}
rNeg    + + .        i - +8 gold dragon scales
rPois   +            b - +0 helmet of Rotten Brilliance {rElec rPois rN+ Str-2}
rElec   +            T - +0 cloak of Inference {rC+}
rCorr   +            F - +3 pair of gauntlets of War {Slay+5}
SInv    .            w - +0 pair of boots of Recklessness {Will+ Str+5 Stlth+}
Will    +++++        l - amulet of Hirchoth {rElec Will+++ Regen+ MP-9 Dex-4} Stlth
                     D - ring of protection from fire
HPRegen 2.25/turn    d - ring of Zukh {rN+ rCorr Int+4}
MPRegen 0.20/turn

%: random rage (3%)
@: studying Short Blades
A: berserk 1, clumsy 1, cold resistance 1, deterioration 1, low MP 1, passive
freeze, regeneration 1, MP-powered wands
0: Orb of Zot
}: 4/15 runes: decaying, serpentine, slimy, silver
a: Renounce Religion, Smiting


You escaped.
You worshipped Beogh.
Beogh was most pleased with you.
You visited 14 branches of the dungeon, and saw 58 of its levels.
You also visited: Trove, Bailey and Ice Cave.

You collected 9342 gold pieces.
You spent 3428 gold pieces at shops.

Inventory:

Hand Weapons
 a - a +9 vampiric broad axe (weapon)
Missiles
 O - 3 throwing nets
Armour
 b - the +0 helmet of Rotten Brilliance (worn) {rElec rPois rN+ Str-2}
   (You found it on level 7 of the Dungeon)

   Str:       It affects your strength (-2).
   rElec:     It insulates you from electricity.
   rPois:     It protects you from poison.
   rN:        It protects you from negative energy.
 e - +0 ice dragon scales
 g - the +3 buckler of Sif Muna, Thieving (worn) {rF+ rC+ Dex+4 Slay+2}
   (You acquired it on level 1 of the Elven Halls)

   Dex:       It affects your dexterity (+4).
   Slay:      It affects your accuracy & damage with ranged weapons and melee
   (+2).
   rF:        It protects you from fire.
   rC:        It protects you from cold.
 i - +8 gold dragon scales (worn)
 w - the +0 pair of boots of Recklessness (worn) {Will+ Str+5 Stlth+}
   (You found it in a treasure trove)

   Str:       It affects your strength (+5).
   Will:      It increases your willpower.
   Stlth:     It makes you more stealthy.
 F - the +3 pair of gauntlets of War (worn) {Slay+5}
   (You found it on level 3 of the Elven Halls)

   Slay:      It affects your accuracy & damage with ranged weapons and melee
   (+5).
 G - +0 fire dragon scales
 H - +10 shadow dragon scales
 N - +0 storm dragon scales
 T - the +0 cloak of Inference (worn) {rC+}
   (You found it on level 3 of the Elven Halls)

   rC:        It protects you from cold.
Jewellery
 c - the ring of Satisfaction {rPois rC++ rN+}
   (You found it on level 3 of the Crypt)

   [ring of positive energy]

   rC:        It greatly protects you from cold.
   rPois:     It protects you from poison.
   rN:        It protects you from negative energy.
 d - the ring of Zukh (right hand) {rN+ rCorr Int+4}
   (You bought it in a shop on level 2 of the Orcish Mines)

   [ring of resist corrosion]

   Int:       It affects your intelligence (+4).
   rN:        It protects you from negative energy.
   rCorr:     It protects you from acid and corrosion.
 f - a ring of protection from cold
 h - the ring of the Ancients {Fly rN+}
   (You found it on level 3 of the Crypt)

   [ring of positive energy]

   rN:        It protects you from negative energy.
   Fly:       It grants you flight.
 l - the amulet of Hirchoth (around neck) {rElec Will+++ Regen+ MP-9 Dex-4}
   (You bought it in a shop on level 13 of the Dungeon)

   [amulet of regeneration]

   Dex:       It affects your dexterity (-4).
   rElec:     It insulates you from electricity.
   MP:        It affects your magic capacity (-9).
   Regen:     It increases your rate of health regeneration.
   Will:      It greatly increases your willpower.
 m - a ring of resist corrosion
 r - a ring of see invisible
 y - the ring of Huippam {+Blink Will- Int+6 Dex+4}
   (You took it off a deep elf master archer on level 3 of the Elven Halls)

   [ring of intelligence]

   Int:       It affects your intelligence (+6).
   Dex:       It affects your dexterity (+4).
   +Blink:    It lets you blink.
   Will:      It decreases your willpower.
 D - a ring of protection from fire (left hand)
 Q - a ring of poison resistance
 S - the ring "Qitynk" {rPois rC- rN++ SInv}
   (You found it on level 3 of the Depths)

   [ring of poison resistance]

   rC:        It makes you vulnerable to cold.
   rPois:     It protects you from poison.
   rN:        It greatly protects you from negative energy.
   SInv:      It lets you see invisible.
Wands
 j - a wand of flame (101)
 n - a wand of digging (41)
 x - a wand of mindburst (62)
 A - a wand of polymorph (23)
 I - a wand of paralysis (91)
 K - a wand of iceblast (59)
 U - a wand of acid (47)
Scrolls
 k - 7 scrolls of fear
 o - 9 scrolls of poison
 t - 8 scrolls of magic mapping
 v - 4 scrolls of summoning
 C - 6 scrolls of silence
 E - 7 scrolls of fog
 J - a scroll of blinking
 P - 4 scrolls of brand weapon
 V - 32 scrolls of teleportation
Potions
 u - 6 potions of brilliance
 z - 2 potions of berserk rage
 B - 14 potions of flight
 L - 4 potions of invisibility
 M - 2 potions of haste
 W - 4 potions of might
 X - a potion of resistance
 Y - a potion of heal wounds
 Z - 23 potions of curing
Miscellaneous
 p - the horn of Geryon
 s - a phial of floods
 R - a phantom mirror


   Skills:
 O Level 27 Fighting
 O Level 27 Axes
 O Level 27 Armour
 + Level 13.3 Dodging
 O Level 27 Shields
 O Level 27 Invocations
 - Level 10.0 Evocations


You had 26 spell levels left.
You didn't know any spells.
Your spell library contained the following spells:

 Spells                   Type           Power      Damage    Failure   Level
 Beastly Appendage        Tmut           0%         N/A       82%         1
 Kiss of Death            Conj/Necr      0%         2d5       82%         1
 Magic Dart               Conj           0%         1d3       82%         1
 Sandblast                Erth           0%         2d4       82%         1
 Slow                     Hex            0%         N/A       82%         1
 Sting                    Tmut/Pois      0%         1d3       82%         1
 Summon Small Mammal      Summ           0%         N/A       82%         1
 Blink                    Tloc           0%         N/A       91%         2
 Cigotuvi's Dreadful Rot  Necr/Pois/Air  0%         N/A       91%         2
 Ensorcelled Hibernation  Hex/Ice        0%         N/A       91%         2
 Lesser Beckoning         Tloc           0%         N/A       91%         2
 Momentum Strike          Conj/Tloc      0%         3d8       91%         2
 Passwall                 Tmut/Erth      0%         N/A       91%         2
 Poisonous Vapours        Pois/Air       0%         N/A       91%         2
 Scorch                   Fire           0%         2d5       91%         2
 Searing Ray              Conj           0%         2d4       91%         2
 Static Discharge         Conj/Air       0%         2-2/arc   91%         2
 Wereblood                Tmut           0%         N/A       91%         2
 Call Canine Familiar     Summ           0%         N/A       99%         3
 Confusing Touch          Hex            0%         N/A       99%         3
 Dazzling Flash           Conj/Hex       0%         N/A       99%         3
 Gell's Gravitas          Tloc           0%         N/A       99%         3
 Hailstorm                Conj/Ice       0%         3d3       99%         3
 Ignite Poison            Fire/Tmut/Pois 0%         N/A       99%         3
 Inner Flame              Hex/Fire       0%         N/A       99%         3
 Portal Projectile        Hex/Tloc       0%         N/A       99%         3
 Spider Form              Tmut/Pois      0%         N/A       99%         3
 Stone Arrow              Conj/Erth      0%         3d7       99%         3
 Summon Guardian Golem    Hex/Summ       0%         N/A       99%         3
 Swiftness                Air            0%         N/A       99%         3
 Teleport Other           Tloc           0%         N/A       99%         3
 Vampiric Draining        Necr           0%         2d6       99%         3
 Vhi's Electric Charge    Tloc/Air       0%         N/A       99%         3
 Volatile Blastmotes      Fire/Tloc      0%         2d10      99%         3
 Airstrike                Air            0%         2d(0-16)  100%        4
 Anguish                  Hex/Necr       0%         N/A       100%        4
 Animate Armour           Summ/Erth      0%         N/A       100%        4
 Cause Fear               Hex            0%         N/A       100%        4
 Dispel Undead            Necr           0%         3d6       100%        4
 Flame Wave               Conj/Fire      0%         2d4       100%        4
 Fulminant Prism          Conj/Hex       0%         3d5       100%        4
 Ice Form                 Ice/Tmut       0%         N/A       100%        4
 Iskenderun's Mystic Bla  Conj/Tloc      0%         2d3       100%        4
 Leda's Liquefaction      Hex/Erth       0%         N/A       100%        4
 Olgreb's Toxic Radiance  Pois           0%         N/A       100%        4
 Petrify                  Tmut/Erth      0%         N/A       100%        4
 Sticky Flame             Conj/Fire      0%         2d3       100%        4
 Summon Lightning Spire   Summ/Air       0%         N/A       100%        4
 Arcjolt                  Conj/Air       0%         1d10      100%        5
 Blade Hands              Tmut           0%         N/A       100%        5
 Fireball                 Conj/Fire      0%         3d3       100%        5
 Freezing Cloud           Conj/Ice/Air   0%         6-21      100%        5
 Irradiate                Conj/Tmut      0%         3d11      100%        5
 Iskenderun's Battlesphe  Conj           0%         2d6       100%        5
 Lee's Rapid Deconstruct  Erth           0%         3d4*      100%        5
 Metabolic Englaciation   Hex/Ice        0%         N/A       100%        5
 Summon Forest            Summ/Tloc      0%         N/A       100%        5
 Summon Mana Viper        Hex/Summ       0%         N/A       100%        5
 Conjure Ball Lightning   Conj/Air       0%         3x3d6     100%        6
 Death Channel            Necr           0%         N/A       100%        6
 Simulacrum               Ice/Necr       0%         N/A       100%        6
 Starburst                Conj/Fire      0%         6d3       100%        6
 Statue Form              Tmut/Erth      0%         N/A       100%        6
 Summon Cactus Giant      Summ           0%         N/A       100%        6
 Dragon Form              Tmut           0%         N/A       100%        7
 Enfeeble                 Hex            0%         N/A       100%        7
 Orb of Destruction       Conj           0%         9d5       100%        7
 Storm Form               Tmut/Air       0%         N/A       100%        7
 Ignition                 Fire           0%         3d3       100%        8
 Lehudib's Crystal Spear  Conj/Erth      0%         10d2      100%        8
 Maxwell's Capacitive Co  Air            0%         ∞         100%        8


Dungeon Overview and Level Annotations

Branches:
Dungeon (15/15)            Temple (1/1) D:6            Lair (5/5) D:10
  Swamp (4/4) Lair:2        Snake (4/4) Lair:2        Slime (5/5) Lair:5
    Orc (2/2) D:12            Elf (3/3) Orc:2        Vaults (5/5) D:13
  Crypt (3/3) Vaults:3       Tomb (1/3) Crypt:3      Depths (4/4) D:15
   Hell (visited)             Dis (0/7) Hell            Geh (0/7) Hell
    Coc (0/7) Hell            Tar (0/7) Hell            Zot (5/5) Depths:4
 Bailey (visited)           IceCv (visited)

Altars:
Ashenzari
Cheibriados
Dithmenos
Elyvilon
Fedhas
Gozag
Hepliaklqana
Kikubaaqudgha
Makhleb
Nemelex Xobeh
Okawaru
Qazlal
Ru
Sif Muna
Trog
Uskayaw
Vehumet
Wu Jian
Xom
Yredelemnul
Zin
The Shining One
Beogh
Jiyva
Lugonu

Shops:
D:4 :   D:6 (((=:   D:7 *   D:12 *   D:13 =   Orc:1 :   Orc:2 =*[(   Elf:1 ?
Elf:2 *   Elf:3 :(   Swamp:3 *   Snake:1 [[=   Snake:2 (   Vaults:2 :
Vaults:4 [   Vaults:5 [   Depths:3 ::

Portals:
Hell: Depths:1 Depths:2 Depths:3 Depths:4
Abyss: Depths:1 Depths:2 Depths:3 Depths:4
Pandemonium: Depths:1 Depths:2
Ziggurat: Depths:3

Annotations:
D:13 1 runed translucent door
Lair:2 2 transporters, seaoflcl's ghost, journeyman MiFi


Innate Abilities, Weirdness & Mutations

You sometimes lose your temper in combat.
You are clumsy. (Dex -2)
Your flesh is cold resistant. (rC+)
Your body sometimes deteriorates upon taking damage.
Your magical capacity is low. (-10% MP)
A frigid envelope surrounds you and freezes all who hurt you.
Your natural rate of healing is unusually fast.
You expend magic power (3 MP) to strengthen your wands.


Message History

Montynuk's surroundings become eerily quiet.
You open Montynuk like a pillowcase!!!
As Montynuk dies, the sound returns.
You kill Montynuk!
Beogh accepts your kill.
You slash the large abomination!
An ice devil comes into view.
You block the orange demon's attack.
You slice the large abomination like a ripe choko!!!
You destroy the large abomination!
Beogh accepts your kill. The orange demon barely misses you.
A sixfirhy comes into view.
The orange demon completely misses you. You block the sixfirhy's attack.
The orange demon stings you but does no damage.
The orange demon is very cold.
The orange demon is lightly wounded.
The orange demon hits you but does no damage.
The orange demon is very cold.
The orange demon is lightly wounded.
You chop the orange demon into pieces!!!
You kill the orange demon!
Beogh accepts your kill.
You slash the sixfirhy! You closely miss the sixfirhy.
The sixfirhy is heavily wounded.
A tormentor comes into view.
You slice the sixfirhy!!
The sixfirhy is almost dead.
The sixfirhy hits you but does no damage.
The sixfirhy is very cold.
You kill the sixfirhy!
Beogh accepts your kill.
Press: ? - help, v - describe, . - travel The floor.
You block the ice devil's attack.
An Ice Fiend comes into view.
There is a staircase leading out of the dungeon here.
You block the ice devil's attack.
You have escaped!

##.......#.....#
#####..#####........
##########.....######..÷.....
#...................#........
#......####.........#........
#......# #.........#......÷.
#......# #.....♣...#........
#......# ##....8....#........
######.###..@.......#........
#..##..4.......#.#.....#
##.............#.#####..
###.#.....1...#.# ###
#...#.........# #
###..2######### ##...#...##
##.........## #......>....#


You could see an Ice Fiend, an ice devil and a tormentor.

Vanquished Creatures
  the Royal Jelly (Slime:5)
  2 ancient liches (Vaults:5)
  3 orbs of fire
  4 dread liches
  A royal mummy (Crypt:3)
  Vv (Zot:4)
  9 Killer Klowns
  Frederick (Vaults:5)
  5 caustic shrikes
  3 pandemonium lords
  2 curse toes
  Nikola (Vaults:2)
  Geryon (Hell)
  Jory (Crypt:3)
  A bone dragon (Depths:3)
  4 golden dragons
  7 doom hounds
  5 electric golems
  9 tentacled monstrosities
  26 Orb Guardians
  A Brimstone Fiend (D:4)
  2 deep elf blademasters (Elf:3)
  5 liches
  2 deep elf master archers (Elf:3)
  5 titans
  Grunn (Zot:4)
  15 acid blobs
  12 quicksilver dragons
  3 sphinxes
  13 ancient champions
  10 death cobs
  3 thorn hunters (Swamp:4)
  6 tengu reavers
  6 shadow dragons
  Agnes (Snake:3)
  10 storm dragons
  9 draconian monks
  7 azure jellies
  7 revenants
  8 nagarajas
  5 fire giants
  5 rockslimes
  18 draconian knights
  An iron dragon (Depths:4)
  18 vault wardens
  A ghost moth (Zot:4)
  9 draconian scorchers
  5 deep elf sorcerers
  7 frost giants
  3 draconian shifters
  6 curse skulls
  8 draconian stormcallers
  A balrug (Hell)
  14 ironbound preservers
  An orc warlord (Vaults:1)
  4 deep elf elementalists (Elf:3)
  5 reapers
  5 ghouls
  5 vampire knights
  6 ironbound thunderhulks
  13 stone giants
  9 quicksilver oozes (Slime:5)
  A caustic shrike skeleton (Crypt:1)
  3 war gargoyles
  19 very ugly things
  A spriggan defender (Depths:3)
  7 draconian annihilators
  2 eleionomae
  10 green draconians
  13 spark wasps
  13 white draconians
  11 black draconians
  9 deep elf demonologists
  23 purple draconians
  8 dire elephants
  7 deep elf annihilators
  3 bunyips
  8 red draconians
  7 yellow draconians
  2 blizzard demons
  5 eidola
  A green death (Hell)
  7 deep elf death magi
  11 fire dragons
  14 jiangshi
  A crystal guardian (Vaults:4)
  17 ettins
  4 deep elf high priests
  7 yaktaur captains
  6 great orbs of eyes
  A shambling mangrove (Swamp:2)
  A spriggan zombie (D:15)
  2 peacekeepers
  5 rakshasas
  34 vault guards
  5 hell beasts
  3 ghost crabs
  16 hydras
  4 spriggan air magi
  5 ice dragons
  6 boulder beetles
  A catoblepas (Lair:2)
  3 salamander tyrants
  A merfolk avatar (Lair:5)
  6 centaur warriors
  4 death knights
  An ogre mage (D:15)
  8 alligators
  An anaconda (shapeshifter) (Elf:2)
  12 anacondas
  10 two-headed ogres
  2 fenstrider witch skeletons
  5 ironbound frosthearts
  20 dancing weapons
  5 tengu warriors
  15 naga warriors
  8 deep troll shamans
  A titan zombie (Crypt:1)
  3 death yaks
  11 hell hogs
  10 naga sharpshooters
  4 deep troll earth magi
  15 vampire magi
  4 shock serpents
  Urug (Lair:3)
  2 spriggan berserkers
  13 deep elf knights
  8 soul eaters
  4 sun demons (Hell)
  8 hell knights
  33 skeletal warriors
  6 iron trolls
  A sea snake (Lair:5)
  2 shadow wraiths
  3 salamander mystics
  2 goliath frogs
  2 sixfirhies
  A storm dragon skeleton (Crypt:2)
  A bunyip zombie (Crypt:1)
  A sea snake (shapeshifter) (Depths:4)
  6 glowing orange brains
  A golden dragon zombie (Crypt:1)
  9 bog bodies
  8 naga ritualists
  52 deep trolls
  6 flayed ghosts
  5 spriggan druids
  A spriggan simulacrum (Crypt:1)
  A bunyip skeleton (Crypt:1)
  14 phantasmal warriors
  12 swamp dragons
  5 harpies
  14 deep elf archers
  A glowing orange brain (shapeshifter) (Vaults:4)
  18 ironbound convokers
  3 lindwurms (Vaults:1)
  8 wizards
  17 deep elf pyromancers
  4 orc knights
  25 deep elf zephyrmancers
  7 necromancers
  A wolf spider (Vaults:5)
  An orc sorcerer (Orc:2)
  5 cyclopes
  A draconian zombie (Crypt:1)
  13 mana vipers
  An iron dragon zombie (Crypt:3)
  2 will-o-the-wisps (Swamp:4)
  25 ugly things
  4 shining eyes
  An iron dragon skeleton (D:15)
  28 moths of wrath
  9 salamanders
  3 manticores
  A frost giant skeleton (Depths:1)
  A rust devil (Hell)
  21 elephants
  2 ice statues (IceCv)
  29 black mambas
  A draconian skeleton (Crypt:1)
  2 dire elephant zombies
  3 guardian serpents (Snake:4)
  A molten gargoyle (Hell)
  5 smoke demons
  2 torpor snails
  An orange demon (D:1)
  20 naga magi
  22 vault sentinels
  A cane toad (shapeshifter) (Vaults:5)
  A fire giant skeleton (Depths:1)
  Maggie (D:6)
  2 gargoyles
  2 kobold demonologists
  3 eyes of devastation
  10 cane toads
  3 centaur skeletons
  3 hellions
  5 freezing wraiths
  11 komodo dragons
  24 yaktaurs
  2 alligator snapping turtle zombies (Crypt:2)
  3 rime drakes
  10 ice devils
  5 tengu conjurers
  An iron giant simulacrum (Hell)
  A guardian mummy (D:15)
  4 anaconda simulacra (IceCv)
  A red devil (D:2)
  A bunyip simulacrum (Crypt:1)
  A mana viper zombie (Crypt:3)
  6 trolls
  4 hellwings
  2 polar bears (Lair:5)
  A meliai (D:13)
  A queen bee (shapeshifter) (D:15)
  7 tyrant leeches
  A wolf spider simulacrum (D:13)
  19 hornets
  A wind drake (shapeshifter) (D:13)
  A harpy skeleton (Crypt:1)
  A radroach zombie (Crypt:3)
  A hydra skeleton (Crypt:1)
  A hornet (shapeshifter) (D:12)
  12 blink frogs
  A raiju (shapeshifter) (D:15)
  3 dream sheep (Lair:4)
  2 satyr zombies (Crypt:2)
  A frost giant simulacrum (Depths:1)
  A shadow (D:13)
  3 snapping turtles (Lair:5)
  A spriggan skeleton (D:15)
  80 slime creatures
  3 flying skulls (Crypt:2)
  An ice dragon skeleton (Crypt:1)
  A dire elephant simulacrum (IceCv)
  An air elemental (Elf:2)
  A black mamba zombie (Crypt:1)
  A water elemental (Elf:1)
  17 spriggans
  14 wraiths
  49 yaks
  5 vampires
  A black mamba skeleton (Crypt:2)
  2 fire elementals (Orc:2)
  4 golden eyes
  11 wyverns
  A large abomination (D:1)
  2 steam dragons
  4 basilisks (Lair:3)
  2 ynoxinuls (Depths:2)
  2 neqoxecs
  A death yak simulacrum (IceCv)
  7 swamp worms
  A wind drake skeleton (Crypt:1)
  16 vampire mosquitoes
  2 wargs
  A harpy simulacrum (IceCv)
  A glowing shapeshifter zombie (D:15)
  35 nagas
  Edmund (D:6)
  An acid dragon (D:11)
  16 water moccasins
  5 hydra simulacra
  A floating eye (shapeshifter) (Vaults:2)
  4 swamp drakes (Swamp:4)
  A fire bat skeleton (Crypt:3)
  A floating eye (Depths:1)
  A two-headed ogre skeleton (Crypt:3)
  3 black bears
  3 ice beasts
  20 orc warriors
  An ettin simulacrum (Hell)
  A hog zombie (Crypt:2)
  9 ogres
  3 boggarts
  A centaur (shapeshifter) (Vaults:3)
  9 centaurs
  8 kobold brigands
  A salamander zombie (Crypt:2)
  10 bullfrogs
  5 gnoll sergeants
  A necrophage (Crypt:1)
  A vine stalker zombie (Crypt:2)
  3 scorpions
  A cane toad simulacrum (IceCv)
  An earth elemental (Elf:1)
  12 wights
  A polar bear zombie (Crypt:3)
  A raiju zombie (Crypt:2)
  5 killer bees (D:8)
  An elephant simulacrum (IceCv)
  3 howler monkeys (D:9)
  3 orc priests
  4 hounds
  A hound (shapeshifter) (D:15)
  Crazy Yiuf (D:3)
  14 jellies
  2 gnoll boudas
  3 iguanas
  4 sleepcaps
  5 hell rats (Lair:1)
  13 orc wizards
  A troll simulacrum (IceCv)
  A killer bee zombie (Crypt:1)
  An acid dragon zombie (Crypt:2)
  12 adders
  45 gnolls
  3 naga simulacra
  A white imp (D:7)
  2 ufetubi
  An adder skeleton (Crypt:3)
  3 worms
  4 dart slugs
  22 orcs
  9 endoplasms
  A giant cockroach (D:2)
  7 goblins
  8 hobgoblins
  8 jackals
  22 kobolds
  8 quokkas
  4 ball pythons
  9 bats
  7 frilled lizards
  7 rats
  A rat skeleton (Crypt:3)
  A butterfly (D:6)
2128 creatures vanquished.

Vanquished Creatures (collateral kills)
  A dread lich (Crypt:1)
  Parghit (Zot:1)
  2 caustic shrikes
  2 tentacled monstrosities (Vaults:5)
  A hellephant (Hell)
  Zenata (Elf:2)
  A quicksilver dragon (Zot:1)
  A lich (Crypt:3)
  4 acid blobs
  A titan (Vaults:5)
  An ancient champion (Crypt:1)
  A death cob (Zot:1)
  A storm dragon (Zot:1)
  Donald (Snake:1)
  Kirke (D:15)
  2 tengu reavers (Vaults:5)
  A revenant (Vaults:3)
  Roxanne (Elf:2)
  2 azure jellies
  A nagaraja (Snake:2)
  A fire giant (Depths:1)
  Aizul (Snake:3)
  2 frost giants
  2 vault wardens
  A draconian shifter (Zot:1)
  5 slime creatures
  2 orc warlords
  A ghoul (Crypt:1)
  2 reapers (Hell)
  5 ironbound preservers
  3 very ugly things
  4 eleionomae
  A deep elf demonologist (Vaults:5)
  4 stone giants
  Azrael (Orc:2)
  A spark wasp (Depths:1)
  A deep elf death mage (Crypt:1)
  An ettin (Vaults:5)
  3 yaktaur captains
  4 fire dragons
  A deep elf high priest (Vaults:5)
  An ice dragon (Depths:4)
  A rakshasa (Depths:3)
  6 hydras (Swamp:4)
  A peacekeeper (Vaults:2)
  6 vault guards (Vaults:5)
  An ogre mage (D:15)
  A jorogumo (shapeshifter) (Vaults:5)
  5 ironbound frosthearts
  A death knight (Crypt:1)
  A boulder beetle (D:15)
  3 alligators
  10 dancing weapons
  An anaconda (Snake:3)
  A two-headed ogre (D:15)
  A deep troll shaman (Depths:1)
  A naga warrior (Snake:4)
  A tengu warrior (Depths:3)
  A hell hog (Hell)
  4 naga sharpshooters
  2 orc high priests (Orc:2)
  2 shock serpents
  A fire crab (shapeshifter) (Vaults:5)
  2 deep elf knights (Elf:2)
  A salamander mystic (Snake:4)
  5 deep trolls
  A spriggan simulacrum (Crypt:1)
  3 swamp dragons
  A wizard (Vaults:3)
  6 deep elf archers
  5 bog bodies
  2 glowing orange brains
  3 phantasmal warriors
  6 deep elf zephyrmancers
  5 orc knights
  2 necromancers (Crypt:1)
  13 deep elf pyromancers
  6 ugly things
  A shining eye (Slime:5)
  3 orc sorcerers (Orc:2)
  5 salamanders
  A cyclops (D:15)
  2 moths of wrath (Zot:2)
  A fire giant skeleton (Depths:1)
  6 naga magi
  3 vault sentinels
  An eye of devastation (Slime:4)
  4 black mambas
  An orange demon (Zot:1)
  A tengu conjurer (Depths:3)
  9 yaktaurs
  A mana viper zombie (Crypt:1)
  5 freezing wraiths
  A sea snake skeleton (Crypt:1)
  A guardian mummy (D:15)
  2 hornets
  A tyrant leech (Swamp:3)
  A harpy skeleton (Crypt:3)
  A boulder beetle zombie (Crypt:3)
  3 spriggans
  A water elemental (Elf:1)
  A fire elemental (Elf:2)
  A hog (D:15)
  2 wraiths (Crypt:1)
  A redback (Vaults:5)
  A warg (Orc:2)
  A swamp worm (Swamp:2)
  2 hell hounds (Orc:2)
  6 nagas
  A skyshark zombie (Crypt:1)
  8 orc warriors (Orc:2)
  2 ogres (D:15)
  A hog zombie (Crypt:1)
  A centaur (D:14)
  An earth elemental (Elf:1)
  7 orc priests
  9 orc wizards
  A lightning spire (Zot:4)
  A tengu skeleton (Crypt:1)
  9 orcs (Orc:2)
297 creatures vanquished.

Vanquished Creatures (others)
  A dread lich (Zot:5)
  3 orc warlords
  An ironbound preserver (Vaults:2)
  A yaktaur captain (Vaults:3)
  A deep elf high priest (Vaults:3)
  A vault guard (Vaults:5)
  An ogre mage (Vaults:5)
  A death knight (Crypt:1)
  An alligator (Swamp:3)
  3 orc high priests
  A deep elf knight (Elf:1)
  32 orc knights
  A goliath frog (Swamp:4)
  A deep troll (Vaults:2)
  A deep elf pyromancer (D:13)
  A wizard (Vaults:4)
  4 orc sorcerers
  A hornet (Swamp:4)
  A human (D:15)
  26 orc warriors
  An ogre (D:15)
  26 orc priests
  21 orc wizards
  55 orcs
  4 foxfires (Swamp:4)
190 creatures vanquished.

Grand Total: 2615 creatures vanquished

Notes
Turn   | Place    | Note
-------+----------+-------------------------------------------
     0 | D:1      | BONEBRO the Hill Orc Monk began the quest for the Orb.
     0 | D:1      | Reached XP level 1. HP: 19/19 MP: 1/1
   104 | D:1      | Reached XP level 2. HP: 26/26 MP: 2/2
   170 | D:1      | Reached skill level 5 in Axes
   546 | D:2      | Reached XP level 3. HP: 31/31 MP: 3/3
   695 | D:2      | Reached XP level 4. HP: 34/39 MP: 4/4
   857 | D:2      | You fall into a shaft and drop 1 floor!
   891 | D:2      | Found a white marble altar of Elyvilon.
  1354 | D:3      | Reached XP level 5. HP: 37/45 MP: 5/5
  1560 | D:3      | Found an ancient bone altar of Kikubaaqudgha.
  2023 | D:3      | Found a runed translucent door.
  2024 | D:3      | Noticed Crazy Yiuf
  2066 | D:3      | Identified the +0 robe of the Albatross {rF+ rN+++ Str-2}
  2194 | D:3      | Gained mutation: You are partially covered in large bone
                  | plates. (SH +4) [potion of mutation]
  2194 | D:3      | Gained mutation: Your spells are a little easier to cast,
                  | but a little less powerful. [potion of mutation]
  2195 | D:3      | Lost mutation: You are partially covered in large bone
                  | plates. (SH +4) [potion of mutation]
  2195 | D:3      | Lost mutation: Your spells are a little easier to cast, but
                  | a little less powerful. [potion of mutation]
  2195 | D:3      | Gained mutation: A frigid envelope surrounds you and
                  | freezes all who hurt you. [potion of mutation]
  2195 | D:3      | Gained mutation: Your natural rate of healing is unusually
                  | fast. [potion of mutation]
  2195 | D:3      | Gained mutation: Your muscles are strong. (Str +4, Int/Dex
                  | -1) [potion of mutation]
  2195 | D:3      | Gained mutation: You have hidden genetic potential. [potion
                  | of mutation]
  2208 | D:3      | Killed Crazy Yiuf
  2214 | D:3      | Identified the +6 hammer of Yddoq {speed, Fly Int+3 Dex-4
                  | SInv}
  2311 | D:4      | Reached XP level 6. HP: 51/51 MP: 6/6
  2400 | D:4      | Noticed a black bear
  2414 | D:4      | Killed a black bear
  2416 | D:4      | Gained mutation: You expend magic power (3 MP) to
                  | strengthen your wands. [hidden potential]
  2441 | D:4      | Found Ohiasigu's Self-Improvement Boutique.
  2601 | D:4      | Reached skill level 10 in Axes
  2601 | D:4      | Reached XP level 7. HP: 54/57 MP: 7/7
  2728 | D:5      | Entered Level 5 of the Dungeon
  2827 | D:5      | Gained mutation: Your flesh is cold resistant. (rC+)
                  | [hidden potential]
  2827 | D:5      | Lost mutation: You have hidden genetic potential. [hidden
                  | potential expressed]
  2983 | D:5      | Reached skill level 5 in Armour
  3200 | D:5      | Found a hazy altar of Hepliaklqana.
  3303 | D:5      | Reached XP level 8. HP: 24/64 MP: 8/8
  3848 | D:6      | Noticed Maggie
  3875 | D:6      | Killed Maggie
  3888 | D:6      | Found Ohomar's Weapon Boutique.
  3958 | D:6      | Found Tishusm's Jewellery Emporium.
  3969 | D:6      | Noticed Edmund
  3979 | D:6      | Killed Edmund
  3997 | D:6      | Bought a ring of poison resistance for 220 gold pieces
  4026 | D:6      | Reached XP level 9. HP: 70/70 MP: 9/9
  4127 | D:6      | Found Kothru Odyki's Weapon Shop.
  4171 | D:6      | Found a staircase to the Ecumenical Temple.
  4187 | Temple   | Entered the Ecumenical Temple
  4496 | D:6      | Reached skill level 10 in Armour
  4631 | D:6      | Found Hodior's Antique Weapon Shoppe.
  4807 | D:6      | Found Ohoedd's Book Boutique.
  4826 | D:6      | Reached skill level 5 in Fighting
  5008 | D:7      | Found Jegif's Assorted Antiques.
  5028 | D:7      | Bought a scroll of identify for 56 gold pieces
  5208 | D:7      | Found a flagged portal.
  5224 | Bailey   | Entered a bailey
  5341 | Bailey   | Found a bloodstained altar of Trog.
  5580 | D:7      | Found a snail-covered altar of Cheibriados.
  5645 | D:7      | Reached XP level 10. HP: 88/92 MP: 10/10
  5650 | D:7      | Reached skill level 10 in Fighting
  5660 | D:7      | Identified the +0 helmet of Rotten Brilliance {rElec rPois
                  | rN+ Str-2}
  6079 | D:8      | Noticed a two-headed ogre
  6088 | D:8      | Killed a two-headed ogre
  6535 | D:9      | Found a white marble altar of Elyvilon.
  6535 | D:9      | Found a radiant altar of Vehumet.
  6537 | D:9      | Found a bloodstained altar of Trog.
  6709 | D:9      | Reached XP level 11. HP: 95/99 MP: 11/11
  6714 | D:9      | Reached skill level 15 in Axes
  6809 | D:9      | Found a shimmering altar of Xom.
  7359 | D:10     | Entered Level 10 of the Dungeon
  7538 | D:10     | Found a hide-covered altar of Uskayaw.
  7572 | D:10     | Found a staircase to the Lair.
  7655 | D:10     | Found an opulent altar of Gozag.
  7863 | D:10     | Found a sparkling altar of Nemelex Xobeh.
  8216 | Lair:1   | Entered Level 1 of the Lair of Beasts
  8229 | Lair:1   | Noticed a death yak
  8231 | Lair:1   | Noticed a death yak
  8242 | Lair:1   | Noticed a death yak
  8254 | D:10     | Killed a death yak
  8289 | D:10     | Killed a death yak
  8298 | Lair:1   | Killed a death yak
  8299 | Lair:1   | Reached skill level 1 in Evocations
  8555 | Lair:1   | Reached XP level 12. HP: 95/106 MP: 12/12
  8563 | Lair:1   | Reached skill level 5 in Evocations
  9442 | Lair:2   | Found a frozen archway.
  9462 | IceCv    | Entered an ice cave
  9693 | IceCv    | Reached skill level 10 in Evocations
  9972 | IceCv    | Reached XP level 13. HP: 98/117 MP: 13/13
 10203 | Lair:2   | Found an iron altar of Okawaru.
 10313 | Lair:2   | Found a transporter.
 10354 | Lair:2   | Found a staircase to the Snake Pit.
 10517 | Lair:2   | Found a staircase to the Swamp.
 10603 | Lair:3   | Noticed Urug
 10626 | Lair:3   | Killed Urug
 10652 | Lair:3   | Reached skill level 15 in Fighting
 12118 | Lair:5   | Entered Level 5 of the Lair of Beasts
 12128 | Lair:5   | Found a staircase to the Slime Pits.
 12128 | Lair:5   | Found a viscous altar of Jiyva.
 12146 | Lair:5   | Reached XP level 14. HP: 135/135 MP: 14/14
 12275 | Lair:5   | Noticed a dire elephant
 12312 | Lair:5   | Killed a dire elephant
 12790 | Lair:5   | Reached skill level 15 in Armour
 12847 | Lair:5   | Identified the +1 robe "Inwah" {Rampage rElec rCorr}
 14118 | D:12     | Found Ycveqytt's Blood Bar.
 14130 | D:12     | Bought a +1 vampiric broad axe for 285 gold pieces
 14215 | D:12     | Found a staircase to the Orcish Mines.
 14742 | Orc:1    | Entered Level 1 of the Orcish Mines
 14743 | Orc:1    | Became a worshipper of Beogh the Brigand
 14743 | Orc:1    | Reached * piety under Beogh
 14743 | Orc:1    | Reached ** piety under Beogh
 14857 | D:13     | Reached skill level 1 in Invocations
 14926 | D:13     | Reached XP level 15. HP: 141/141 MP: 16/16
 14962 | D:13     | Found a portal to a secret trove of treasure.
 14970 | D:13     | You paid a toll of 7 potions of haste to enter a treasure
                  | trove
 14971 | Trove    | Entered a treasure trove
 15001 | Trove    | Identified the scarf "Adyn" {harm, rN+ Int+2 Slay+2}
 15014 | Trove    | Identified the +0 pair of boots of Recklessness {Will+
                  | Str+5 Stlth+}
 15022 | Trove    | Identified the +0 troll leather armour of Zohy {Contam
                  | Rampage rF+ rN+++ Regen+}
 15143 | Trove    | Identified the amulet "Onkauti" {Acrobat Slay+2}
 15145 | Trove    | Identified the amulet "Damnable Contraption" {Acrobat rN+
                  | Dex+5}
 15146 | Trove    | Identified the amulet "Tots" {RegenMP Fragile rPois Dex+4
                  | SInv}
 15344 | D:13     | Found Leostit's Jewellery Boutique.
 15344 | D:13     | Found a gate to the Vaults.
 15352 | D:13     | Bought a ring of protection from fire for 250 gold pieces
 15352 | D:13     | Bought the amulet of Hirchoth {rElec Will+++ Regen+ MP-9
                  | Dex-4} for 447 gold pieces
 15540 | D:13     | Reached *** piety under Beogh
 15562 | D:13     | Reached skill level 5 in Invocations
 15574 | D:13     | Found a runed translucent door.
 15581 | D:13     | Found a runed translucent door.
 15660 | D:13     | Identified the staff of poison "Vunig" {Fly rPois Will+
                  | rCorr}
 15668 | D:13     | Identified the +6 whip "Atih Odi" {protect, Str+6 SInv}
 15670 | D:13     | Got the Guide on Impulse
 16634 | D:14     | Identified the +1 robe of the Bedazzled God {Str+3}
 17046 | D:15     | Entered Level 15 of the Dungeon
 17051 | D:15     | Identified the +3 arbalest "Luicwesh" {penet, +Blink rElec
                  | rC+++ Will-}
 17102 | D:15     | Noticed Kirke
 17113 | D:15     | Killed Kirke
 17124 | D:15     | Reached **** piety under Beogh
 17163 | D:15     | Gained Rocco as an ally
 17179 | D:15     | Reached XP level 16. HP: 133/149 MP: 12/21
 17187 | D:15     | Your ally Rocco died
 17251 | D:15     | Found a staircase to the Depths.
 17748 | Depths:1 | Entered Level 1 of the Depths
 17798 | D:15     | Reached ***** piety under Beogh
 17909 | Depths:1 | Found a broken altar of Ashenzari.
 17958 | Depths:1 | Found a gateway to Hell.
 18739 | Orc:1    | Found Mewyunaxt's Book Emporium.
 18758 | Orc:1    | Reached skill level 1 in Shields
 19054 | Orc:2    | Entered Level 2 of the Orcish Mines
 19078 | Orc:2    | Gained Bogbrand as an ally
 19285 | Orc:2    | Found a staircase to the Elven Halls.
 19339 | Orc:2    | Found a roughly hewn altar of Beogh.
 19365 | Orc:2    | Reached skill level 5 in Shields
 19374 | Orc:2    | Noticed Azrael
 19376 | Orc:2    | Killed Azrael
 19537 | Orc:2    | Found Giecoter's General Store.
 19538 | Orc:2    | Found Uttual's Jewellery Shoppe.
 19540 | Orc:2    | Found Urpheblol's Antique Armour Emporium.
 19540 | Orc:2    | Found Kutreal's Antique Weapon Emporium.
 19555 | Orc:2    | Bought a scroll of identify for 30 gold pieces
 19555 | Orc:2    | Identified a scroll of acquirement
 19558 | Orc:2    | Bought the ring of Zukh {rN+ rCorr Int+4} for 633 gold
                  | pieces
 19805 | Elf:1    | Entered Level 1 of the Elven Halls
 20236 | Elf:1    | Reached XP level 17. HP: 90/156 MP: 14/23
 20236 | Elf:1    | Your ally Bogbrand died
 20379 | Elf:1    | Acquired a manual of Fighting
 20381 | Elf:1    | Acquired the +3 buckler of Sif Muna, Thieving {rF+ rC+
                  | Dex+4 Slay+2}
 20678 | Elf:1    | Found Vamm's Magic Scroll Shop.
 20688 | Elf:1    | Bought a scroll of enchant weapon for 112 gold pieces
 21349 | Elf:2    | Reached ****** piety under Beogh
 21354 | Elf:2    | Gained Oruk as an ally
 21400 | Elf:2    | Gained Boderik as an ally
 21411 | Elf:2    | Reached skill level 10 in Shields
 21473 | Elf:2    | Found a runed translucent gate.
 21473 | Elf:2    | Found a runed translucent gate.
 21473 | Elf:2    | Found a runed translucent gate.
 21515 | Elf:2    | Your ally Boderik died
 21518 | Elf:2    | Identified Roxanne's Grimoire of Earth
 21518 | Elf:2    | Noticed Roxanne
 21534 | Elf:2    | Killed Roxanne
 22067 | Elf:2    | Found Xubuem's General Store.
 22093 | Elf:2    | Bought a potion of might for 68 gold pieces
 22093 | Elf:2    | Bought a scroll of blinking for 127 gold pieces
 22187 | Elf:2    | Noticed Zenata
 22195 | Elf:2    | Killed Zenata
 22214 | Elf:2    | Your ally Oruk died
 23286 | Lair:2   | Noticed seaoflcl's ghost (journeyman MiFi)
 23300 | Lair:2   | Found a transporter.
 23301 | Lair:2   | Found a bloodstained altar of Trog.
 23795 | Swamp:1  | Entered Level 1 of the Swamp
 24383 | Swamp:2  | Reached XP level 18. HP: 86/163 MP: 15/24
 24526 | Swamp:2  | Reached skill level 15 in Shields
 25169 | Swamp:3  | Gained Learuk as an ally
 25212 | Swamp:3  | Found Cixt's Island Escapes.
 25400 | Swamp:3  | Identified the +3 scale mail "Ticeis" {rC+ Int+4}
 25689 | Swamp:4  | Entered Level 4 of the Swamp
 25990 | Swamp:4  | Reached skill level 10 in Invocations
 26261 | Swamp:4  | Your ally Learuk died
 26495 | Swamp:4  | Got a decaying rune of Zot
 26803 | Snake:1  | Entered Level 1 of the Snake Pit
 26938 | Snake:1  | Gained Wulfoc as an ally
 27326 | Snake:1  | Noticed Donald
 27344 | Snake:1  | Killed Donald
 27345 | Snake:1  | Reached XP level 19. HP: 142/185 MP: 19/28
 27712 | Snake:1  | Found Asedwuhur's Jewellery Boutique.
 27714 | Snake:1  | Found Hosty's Antique Armour Shop.
 27717 | Snake:1  | Found Duvuh's Armour Boutique.
 28334 | Snake:2  | Found Hoqoynap's Antique Weapon Shop.
 28352 | Snake:2  | Reached skill level 15 in Invocations
 28658 | Snake:2  | Acquired a manual of Invocations
 29446 | Snake:3  | Noticed Agnes
 29451 | Snake:3  | Killed Agnes
 30362 | Snake:3  | Noticed Aizul
 30375 | Snake:3  | Killed Aizul
 30459 | Snake:3  | Identified the +7 chain mail "Seatoaq" {Str+3 Int-5 Stlth+}
 30472 | Snake:3  | Reached XP level 20. HP: 193/193 MP: 24/33
 30483 | Snake:4  | Entered Level 4 of the Snake Pit
 30673 | Snake:4  | Found the +2 hat of the Bear Spirit {Spirit, Bear, *Rage
                  | Will++}
 30811 | Snake:4  | Your ally Wulfoc died
 31031 | Snake:4  | Gained Wargath as an ally
 31087 | Snake:4  | Got a serpentine rune of Zot
 31387 | Snake:4  | Reached XP level 21. HP: 201/201 MP: 26/35
 31816 | Elf:3    | Entered Level 3 of the Elven Halls
 31995 | Elf:3    | Found Imies's Book Boutique.
 32647 | Elf:3    | Identified the +9 great sword of Annoyance {flame, Fragile
                  | rPois Int+5}
 32750 | Elf:3    | Found the +3 pair of gauntlets of War {Slay+5}
 32755 | Elf:3    | Identified the +0 cloak of Inference {rC+}
 32821 | Elf:3    | Identified the ring of Huippam {+Blink Will- Int+6 Dex+4}
 32920 | Elf:3    | Identified the +5 war axe of Recklessness {flame, Dex+5}
 32932 | Elf:3    | Identified the +6 spear of the Sky {vamp, *Noise rC+ Str+4
                  | SInv}
 32938 | Elf:3    | Got the Octavo of Forceful Ill Luck
 33080 | Elf:3    | Found Aseydoh's Weapon Shop.
 33465 | D:6      | Bought a manual of Shields for 1200 gold pieces
 33753 | Depths:1 | Gained Bogric as an ally
 33754 | Depths:1 | Found a blossoming altar of Fedhas.
 33944 | Depths:1 | Found a corrupted altar of Lugonu.
 33945 | Depths:1 | Found a one-way gate to the infinite horrors of the Abyss.
 33999 | Depths:1 | Found a one-way gate leading to the halls of Pandemonium.
 34520 | Depths:2 | Your ally Bogric died
 34874 | Depths:2 | Reached XP level 22. HP: 211/211 MP: 27/36
 35048 | Depths:2 | Found a white marble altar of Elyvilon.
 35371 | Depths:2 | Gained mutation: Your magical capacity is low. (-10% MP) [a
                  | neqoxec]
 36345 | Depths:3 | Found Atiuxzo's Book Shop.
 36685 | Depths:3 | Noticed a caustic shrike
 36738 | Depths:3 | Killed a caustic shrike
 36905 | Depths:3 | Found Kocie's Book Boutique.
 36978 | Depths:3 | Found a one-way gateway to a ziggurat.
 37318 | Depths:3 | Gained Wardok as an ally
 37388 | Depths:3 | Identified the ring "Qitynk" {rPois rC- rN++ SInv}
 37640 | Depths:4 | Entered Level 4 of the Depths
 37652 | Depths:4 | Noticed a caustic shrike
 37652 | Depths:4 | Noticed a caustic shrike
 37652 | Depths:4 | Noticed a caustic shrike
 37681 | Depths:3 | Killed a caustic shrike
 37684 | Depths:3 | Killed a caustic shrike
 37692 | Depths:3 | Gained Arbolt as an ally
 37791 | Depths:4 | Your ally Wardok died
 37804 | Depths:4 | Identified the +10 mace of Tuoteunt {heavy, SInv}
 37813 | Depths:4 | Killed a caustic shrike
 37820 | Depths:4 | Your ally Arbolt died
 37831 | Depths:4 | Noticed a golden dragon
 37847 | Depths:4 | Killed a golden dragon
 37871 | Depths:4 | Gained Morun as an ally
 37911 | Depths:4 | Identified the +4 long sword of Starshine {drain, rC- rN+++
                  | Str+2 Dex+5}
 37932 | Depths:4 | Your ally Morun died
 37939 | Depths:4 | Found a gate to the Realm of Zot.
 37965 | Depths:4 | Noticed a caustic shrike
 37982 | Depths:4 | Killed a caustic shrike
 37983 | Depths:4 | Reached XP level 23. HP: 192/217 MP: 9/33
 38216 | Depths:4 | Noticed a caustic shrike
 38224 | Depths:4 | Killed a caustic shrike
 38261 | Depths:4 | Found a stormy altar of Qazlal.
 38406 | Depths:4 | Noticed a caustic shrike
 38411 | Depths:4 | Killed a caustic shrike
 38572 | Vaults:1 | Entered Level 1 of the Vaults
 39065 | Vaults:1 | Got the Codex of Hindering Corruption
 39661 | Vaults:1 | Gained Wargath as an ally
 39970 | Vaults:2 | Noticed Nikola
 39986 | Vaults:2 | Your ally Wargath died
 39989 | Vaults:2 | Killed Nikola
 40339 | Vaults:2 | Gained Olfik as an ally
 40341 | Vaults:2 | Found Cici's Book Shop.
 40844 | Vaults:2 | Gained Learuk as an ally
 41222 | Vaults:2 | Identified the +4 rapier "Demon's Peril" {freeze, rElec
                  | Int+3}
 41507 | Vaults:3 | Found a staircase to the Crypt.
 41942 | Vaults:3 | Reached XP level 24. HP: 242/242 MP: 25/34
 42196 | Vaults:3 | Gained Gorm as an ally
 42840 | Vaults:4 | Found Vyluhim's Armour Shop.
 43538 | Vaults:4 | Your ally Gorm died
 43966 | Vaults:5 | Entered Level 5 of the Vaults
 43975 | Vaults:5 | Gained Agrik as an ally
 43984 | Vaults:5 | Your ally Agrik died
 44005 | Vaults:5 | Noticed Frederick
 44011 | Vaults:5 | Killed Frederick
 44079 | Vaults:5 | Noticed an ancient lich
 44094 | Vaults:4 | Reached skill level 27 in Fighting
 44120 | Vaults:5 | Noticed a dread lich
 44126 | Vaults:5 | Your ally Learuk died
 44139 | Vaults:5 | Killed a dread lich
 44140 | Vaults:5 | Identified the +7 great mace "Poxyl" {elec, Stlth+}
 44163 | Vaults:5 | Reached XP level 25. HP: 257/257 MP: 18/34
 44358 | Vaults:5 | Found Fyduxt's Antique Armour Shoppe.
 44447 | Vaults:5 | Identified the +0 robe of Parlour Games {rC+ MP-9 Dex+6}
 44737 | Vaults:5 | Identified the +5 hand axe of the Brewing Puffin {protect,
                  | rPois Will+ Dex+4}
 44779 | Vaults:5 | Identified the +5 shortbow of Ashenzari {drain, rC+ Will+
                  | Str-3}
 44817 | Vaults:5 | Noticed a dread lich
 44823 | Vaults:5 | Killed a dread lich
 44873 | Vaults:5 | Identified the +9 long sword of a Hundred Portals
                  | {antimagic, Dex+2}
 45319 | Vaults:5 | Killed an ancient lich
 45445 | Vaults:5 | Got a silver rune of Zot
 45548 | Vaults:5 | Noticed an ancient lich
 45557 | Vaults:5 | Killed an ancient lich
 45800 | Crypt:1  | Entered Level 1 of the Crypt
 45813 | Crypt:1  | Gained Bogbrand as an ally
 46061 | Crypt:1  | Noticed a dread lich
 46071 | Crypt:1  | Gained Wargrak as an ally
 46086 | Crypt:1  | Killed a dread lich
 46093 | Crypt:1  | Your ally Olfik died
 46099 | Crypt:1  | Your ally Wargrak died
 46100 | Crypt:1  | Your ally Bogbrand died
 46264 | Crypt:1  | Gained Warbeogh as an ally
 46409 | Crypt:1  | Your ally Warbeogh died
 47149 | Crypt:2  | Reached skill level 27 in Axes
 48108 | Crypt:3  | Entered Level 3 of the Crypt
 48135 | Crypt:3  | Found a staircase to the Tomb.
 48206 | Crypt:3  | Noticed Jory
 48216 | Crypt:3  | Killed Jory
 48217 | Crypt:3  | Reached XP level 26. HP: 245/266 MP: 3/34
 49050 | Crypt:3  | Found an ancient bone altar of Kikubaaqudgha.
 49050 | Crypt:3  | Found a basalt altar of Yredelemnul.
 49050 | Crypt:3  | Noticed a royal mummy
 49066 | Crypt:3  | Killed a royal mummy
 49147 | Crypt:3  | Identified the ring of Satisfaction {rPois rC++ rN+}
 49147 | Crypt:3  | Identified the ring of the Ancients {Fly rN+}
 49176 | Crypt:3  | Identified the staff of air "Woow" {+Blink rElec rC+ Str+3}
 49653 | Zot:1    | Entered Level 1 of the Realm of Zot
 49757 | Zot:1    | Noticed Parghit
 49768 | Zot:1    | Your ally Wargath died
 50094 | Zot:1    | Killed Parghit
 50213 | Zot:1    | Reached skill level 27 in Armour
 50490 | Zot:2    | You fall into a shaft and drop 1 floor!
 50595 | Zot:3    | Noticed a Killer Klown
 50624 | Zot:3    | Killed a Killer Klown
 50665 | Zot:3    | Noticed a Killer Klown
 50672 | Zot:3    | Killed a Killer Klown
 50753 | Zot:3    | Identified the +1 broad axe of Fuepeyzi {freeze, rElec
                  | Str+4}
 50967 | Zot:3    | Noticed an orb of fire
 50970 | Zot:3    | Gained mutation: You have hidden genetic defects. [an orb
                  | of fire]
 50973 | Zot:3    | Killed an orb of fire
 51088 | Zot:3    | Reached XP level 27. HP: 252/273 MP: 25/34
 51123 | Zot:3    | Identified the +0 leather armour of Autumn {Rampage Int+3}
 51508 | Zot:2    | Identified the +4 lajatang of the Moth {freeze, *Noise
                  | Will+++ Str+3 Int+2}
 51546 | Zot:2    | Gained Morguth as an ally
 51735 | Zot:2    | Gained mutation: Your body sometimes deteriorates upon
                  | taking damage. [hidden defects]
 51920 | Zot:4    | Your ally Morguth died
 51985 | Zot:4    | Reached skill level 27 in Shields
 51999 | Zot:4    | Identified the +10 short sword of the Philosopher {venom,
                  | rN++ Str-3 Dex+5}
 52271 | Zot:4    | Noticed Vv
 52290 | Zot:4    | Killed Vv
 52413 | Zot:4    | Reached skill level 5 in Dodging
 52470 | Zot:4    | Noticed Grunn
 52485 | Zot:4    | Killed Grunn
 52511 | Zot:4    | Gained mutation: You are clumsy. (Dex -2) [hidden defects]
 52511 | Zot:4    | Lost mutation: You have hidden genetic defects. [hidden
                  | defects expressed]
 53560 | Slime:1  | Entered Level 1 of the Pits of Slime
 54790 | Slime:3  | Gained Murdo as an ally
 54798 | Slime:3  | Your ally Murdo died
 55063 | Slime:4  | Gained Alork as an ally
 55250 | Slime:5  | Entered Level 5 of the Pits of Slime
 55435 | Slime:5  | Noticed the Royal Jelly
 55443 | Slime:5  | Your ally Alork died
 55448 | Slime:5  | Killed the Royal Jelly
 55476 | Slime:5  | Reached skill level 10 in Dodging
 55477 | Slime:5  | Lost mutation: Your muscles are strong. (Str +4, Int/Dex
                  | -1) [a shining eye]
 55534 | Slime:5  | Found the +8 trishula "Condemnation" {holy, anguish, *Noise
                  | Fly rN+}
 55620 | Slime:5  | Identified the +6 hand axe of the Philosopher {spect, rPois
                  | rC+ Int-2}
 55658 | Slime:5  | Gained Nordag as an ally
 55676 | Slime:5  | Identified the +10 flail "Berhuahody" {flame, rF+ rN+ Int+6
                  | Dex-4}
 55694 | Slime:5  | Identified the staff of poison "Witase" {rPois Will+ Int+2}
 55696 | Slime:5  | Got a slimy rune of Zot
 55714 | Slime:5  | Identified the +5 hand crossbow "Impslayer" {drain, Will+}
 55737 | Slime:5  | Identified the +0 long sword of the Ancient Ears {freeze,
                  | Will+}
 56413 | Tomb:1   | Entered Level 1 of the Tomb of the Ancients
 56646 | Hell     | Entered the Vestibule of Hell
 56646 | Hell     | Noticed Geryon
 56667 | Hell     | Killed Geryon
 56810 | Hell     | Found a gateway to the ashen valley of Gehenna.
 56976 | Hell     | Found a gateway to the Iron City of Dis.
 57103 | Hell     | Found a gateway to the decaying netherworld of Tartarus.
 57171 | Hell     | Found a gateway to the freezing wastes of Cocytus.
 57581 | Zot:5    | Entered Level 5 of the Realm of Zot
 58437 | Zot:5    | Noticed an orb of fire
 58439 | Zot:5    | Noticed a dread lich
 58441 | Zot:5    | Killed a dread lich
 58446 | Zot:5    | Killed an orb of fire
 58448 | Zot:5    | Noticed an orb of fire
 58449 | Zot:5    | Noticed a dread lich
 58454 | Zot:5    | Noticed a dread lich
 58467 | Zot:5    | Gained mutation: You sometimes lose your temper in combat.
                  | [an orb of fire]
 58474 | Zot:5    | Killed an orb of fire
 58607 | Zot:4    | Killed a dread lich
 58764 | Zot:5    | Killed a dread lich
 59083 | Zot:5    | Got the Orb of Zot
 59410 | D:11     | Reached skill level 27 in Invocations
 59640 | D:4      | Noticed Vong the pandemonium lord
 59644 | D:4      | Killed Vong the pandemonium lord
 59722 | D:2      | Noticed Sock the pandemonium lord
 59768 | D:2      | Killed Sock the pandemonium lord
 59791 | D:1      | Noticed Montynuk the pandemonium lord
 59796 | D:1      | Killed Montynuk the pandemonium lord
 59813 | D:$      | Escaped with the Orb!

Illustrated notes

Levels and vault maps discovered:
D:1:      wander_arrival_lonely_grave, layout_rooms
D:2:      layout_basic, basic_altar, minmay_tetromino_o2
D:3:      layout_basic, kiku_gazebo_garden_becter, uniq_crazy_yiuf_cottage
D:4:      layout_cave_pools, nicolae_shop_self_help
D:5:      layout_loops_cross, nzn_hepliaklqana_mist_gate,
          minmay_misc_feat_rugged, minmay_puff
D:6:      layout_gridville, minmay_temple_entry_butterflies, serial_shops, shop,
          nicolae_shop_advertising_works [nicolae_subvault_shop_adworks], shop,
          nicolae_shop_window_shopping, nicolae_shop_tiny_glass, uniq_maggie,
          uniq_edmund
D:7:      layout_basic, nicolae_overflow_crystal_walls, enter_bailey_2,
          serial_shops, nicolae_diamond_shop
D:8:      layout_rooms
D:9:      layout_roguey, mainiacjoe_overflow_24_doors,
          gammafunk_temple_overflow_forgotten, minmay_misc_feat_encased
D:10:     layout_basic, mainiacjoe_overflow_swirl,
          mainiacjoe_overflow_boulevard, nicolae_fountain_basement
D:11:     layout_long_grid
D:12:     layout_irregular_city, orc_0_dummy, guppyfry_shop_blood
D:13:     minmay_the_grid_triangle_9x9_line_8_mashed
          [minmay_the_grid_triangle_9x9_stretched_checkered,
          minmay_the_grid_triangle_9x9_alien,
          minmay_the_grid_triangle_9x9_checkered,
          minmay_the_grid_triangle_9x9_warning,
          minmay_the_grid_triangle_9x9_tough_junction,
          minmay_the_grid_triangle_9x9_corrupted_corridor,
          minmay_the_grid_triangle_9x9_thin_v,
          minmay_the_grid_triangle_9x9_prize_insulated], layout_irregular_city,
          erik_vaults_2, enter_trove_5, serial_shops, shop,
          gauntlet_entry_generic
D:14:     layout_irregular_city, minmay_fountain_box
D:15:     gammafunk_depths_entry_grave, layout_loops_ring,
          hangedman_glass_teeth, uniq_kirke
Temple:   nicolae_temple_slightly_damp_pantheon
Lair:1:   layout_hall_layers
Lair:2:   layout_layer_cave, palyth_hydra_swamp_entry,
          minmay_snake_entry_six_corridors, basic_altar,
          portal_ice_cave_entry_pillars_1, gammafunk_ghost_wrathful_warriors,
          chequers_serial_rivers_micro_a
Lair:3:   layout_misc_corridors, uniq_urug
Lair:4:   layout_regular_city, grunt_megastairs_5
Lair:5:   gammafunk_lair_ancient_temple, layout_misc_corridors,
          minmay_slime_entry_jelly_boxes
Swamp:1:  layout_falls_marsh, evilmike_swamp_ruin_rubble_2
Swamp:2:  layout_falls_marsh, serial_swamp_ruin, hangedman_swamp_ruin_wall,
          evilmike_swamp_ruin_house_6
Swamp:3:  layout_basic_swamp, evilmike_swamp_ruin_house_4, swamp_pool4,
          nicolae_island_escapes
Swamp:4:  swamp_basic_johnstein, layout_basic_swamp, swamp_pool1,
          nicolae_swamp_bean_lake
Snake:1:  layout_misc_corridors, serial_bayou_pond_d, serial_bayou_shore_b,
          grunt_megastairs_3, minmay_shop_star, lemuel_fruit_tree, uniq_donald
Snake:2:  layout_layer_cave, minmay_shop_grid_forest
Snake:3:  layout_onion, uniq_agnes, uniq_aizul
Snake:4:  snake_pit, layout_basic
Slime:1:  layout_caves
Slime:2:  layout_caves
Slime:3:  layout_caves
Slime:4:  layout_caves, nicolae_slime_crime_time
Slime:5
Orc:1:    layout_caves, serial_shops, shop, rock_pile
Orc:2:    st_orc_congregation, layout_diamond_mine, mines2_david, uniq_azrael
Elf:1:    elf_arrival_001, layout_loops_corners, serial_shops, shop,
          minivault_28
Elf:2:    elven_hall_of_blades_hangedman_original [mumra_blade_entry_dagger],
          layout_onion_city, serial_shops, shop, uniq_zenata, uniq_roxanne
Elf:3:    elf_hall_gauntlet_narrow, layout_loops_corners, serial_shops,
          nicolae_shop_getting_attention,
          nicolae_shop_temple_entry_statues_fountains
Vaults:1: nicolae_vaults_little_squares_1, v_misc_31, v_misc_23,
          ontoclasm_vaults_idyll, vaults_dpeg_spiral, v_rooms_4,
          vaults_dpeg_doors, hangedman_vaults_locks, nicolae_vaults_meiosis,
          ontoclasm_vaults_pinch, ontoclasm_vaults_decontamination,
          nicolae_vaults_trapezoid_layered, ontoclasm_vaults_spin,
          nicolae_vaults_library_corner, nicolae_vaults_tetromino_L_1,
          nicolae_vaults_storage_room_water, layout_vaults_big_cross
Vaults:2: nicolae_vaults_enemy_cabinets, hangedman_vaults_stitches,
          nicolae_vaults_closet_pinwheel_3, nicolae_vaults_back_hallway,
          nicolae_vaults_windows_and_doors_thing,
          nicolae_vaults_trapezoid_lopsided_3, v_misc_33,
          hangedman_vaults_cutoff, v_misc_15, nicolae_vaults_alarming,
          ontoclasm_vaults_hangar, nicolae_vaults_trapezoid_2,
          vaults_mumra_chevron_long, vaults_dpeg_diagonal, layout_vaults_ring,
          serial_shops, nicolae_shop_getting_attention, uniq_nikola
Vaults:3: nicolae_vaults_tetromino_T_1, nicolae_vaults_heist,
          nicolae_vaults_tetromino_Z_1, v_misc_9, vaults_room_hallway,
          vaults_room_ringed_pool, nicolae_vaults_tangent_ellipses,
          nicolae_vaults_tetromino_L_2, nicolae_vaults_puzzle_piece,
          dpeg_vaults_monster_box, nicolae_vaults_closet_pinwheel_3,
          minmay_crypt_entry_simple_sparse, vaults_dpeg_emergency_exit,
          ontoclasm_vaults_gateway, layout_vaults_maze
Vaults:4: v_alt_pattern_4, nicolae_vaults_shelves_hall,
          nicolae_vaults_disjoint_gnomons, vaults_room_stairs_pillars,
          vaults_mumra_minichess, vaults_room_large_hall, v_pattern_2,
          nicolae_vaults_storage_closets_2,
          nicolae_vaults_taking_the_gang_shopping, vaults_room_stairs_pillars,
          nicolae_vaults_tetromino_T_1, layout_vaults_chaotic_city
Vaults:5: uniq_frederick
Crypt:1:  grunt_deathspiral_small, layout_regular_city, minivault_19,
          uniq_margery
Crypt:2:  layout_misc_corridors
Crypt:3:  lightli_unholy_cathedral, layout_chaotic_city,
          corexii_leaking_fountain, uniq_jory
Tomb:1
Depths:1: minmay_bubble_buster, layout_cave_shapes, grunt_pan_entry_zigzag,
          abyss_entry_flame_altar, nicolae_ashenzari_panopticon, hell_entry,
          fedhas_altar_fruit_tree, firewood_loft
Depths:2: grunt_twist_and_shout, layout_gridlike, elyvilon_altar_3, abyss_entry,
          grunt_mini_vestibule, grunt_pan_entry_in_and_out,
          grunt_decor_mini_mirrors, hangedman_decor_opposing
Depths:3: minmay_glassy_protrusions, layout_basic, enter_ziggurat_b,
          serial_shops, nicolae_book_shop_shelving, shop, abyss_entry,
          hangedman_decor_slide_cut, hell_entry, grunt_ministairs_1,
          nicolae_keep_em_comin
Depths:4: evilmike_zot_entry_argh, layout_cross, dk_noncrumbling_4, abyss_entry,
          pf_coc_iceberg, nicolae_qazlal_scattered_showers
Hell
Zot:1:    layout_misc_corridors, uniq_parghit
Zot:2:    layout_misc_corridors
Zot:3:    cheibrodos_zot_enchanting_chambers, layout_cellular_growth
Zot:4:    layout_onion, st_stairs_10, amethyst_zot_foddershock, uniq_grunn,
          uniq_vv
Zot:5:    layout_misc_corridors, grunt_ministairs_15, guppyfry_library_mini

Skill      XL: |  1  2  3  4  5  6  7  8  9 10 11 12 13 14 15 16 17 18 19 20 21 22 23 24 25 26 27 |
---------------+----------------------------------------------------------------------------------+-----
Axes           | 5 6 7 8 10 14 18 21 25 27 | 27.0
Armour         | 5 9 10 12 16 19 21 22 24 25 27 | 27.0
Fighting       | 9 10 11 15 20 25 27 | 27.0
Evocations     | 4 10 | 10.0
Invocations    | 2 7 9 13 19 20 22 27 | 27.0
Shields        | 6 14 15 19 21 23 24 26 27 | 27.0
Dodging        | 13 | 13.3

Action                     |  1- 3 |  4- 6 |  7- 9 | 10-12 | 13-15 | 16-18 | 19-21 | 22-24 | 25-27 || total
---------------------------+-------+-------+-------+-------+-------+-------+-------+-------+-------++-------
  Melee: Hand axe          |   102 |   165 |   132 |       |       |       |       |       |       ||   399
         War axe           |       |       |   101 |       |       |       |       |       |       ||   101
         Broad axe         |       |       |    26 |   457 |   824 |   819 |   829 |  1184 |  2039 ||  6178
 Invoke: Convert to Beogh  |       |       |       |       |     1 |       |       |       |       ||     1
         Smiting           |       |       |       |       |       |     5 |    12 |    21 |    99 ||   137
         Recall Orcish Fol |       |       |       |       |       |       |       |       |     1 ||     1
  Evoke: Wand              |       |     1 |     2 |     1 |       |       |     8 |     3 |     5 ||    20
         Phantom mirror    |       |       |       |       |       |       |     2 |       |     2 ||     4
    Use: Scroll            |       |     2 |     5 |    10 |    16 |    12 |     6 |       |    23 ||    74
         Potion            |       |     2 |     3 |       |     5 |     9 |     3 |     6 |     8 ||    36
   Stab: Distracted        |       |       |       |       |     2 |    15 |     2 |     8 |     3 ||    30
         Confused          |       |       |       |       |       |     1 |       |       |     1 ||     2
         Sleeping          |       |       |       |       |       |       |       |     1 |     3 ||     4
 Armour: Robe              |    28 |    24 |       |       |       |       |       |       |       ||    52
         Leather armour    |       |    21 |     4 |       |       |       |       |       |       ||    25
         Ring mail         |       |       |    42 |       |       |       |       |       |       ||    42
         Acid dragon scale |       |       |    38 |       |       |       |       |       |       ||    38
         Plate armour      |       |       |    42 |   277 |   452 |   452 |    59 |    76 |       ||  1358
         Fire dragon scale |       |       |       |       |       |    26 |   315 |       |       ||   341
         Shadow dragon sca |       |       |       |       |       |       |       |   112 |   303 ||   415
         Storm dragon scal |       |       |       |       |       |       |       |   404 |    56 ||   460
         Gold dragon scale |       |       |       |       |       |       |       |       |   961 ||   961
  Dodge: Dodged            |    71 |   105 |   140 |   136 |   333 |   240 |   245 |   337 |   627 ||  2234
  Block: Kite shield       |       |       |       |       |       |    41 |       |       |       ||    41
         Buckler           |       |       |       |       |       |   231 |   387 |   516 |  1154 ||  2288
